 Dungeon Crawl Stone Soup version 0.32-a0-876-gcfddb08e57 (webtiles) character file.

Game seed: 12553330997156671123

280 dialectric the Changeling (level 6, -5/53 (61) HPs)
             Began as a Troll Shapeshifter on Mar 31, 2024.
             Slain by a gnoll
             ... wielding a +0 flail
             ... led by a gnoll bouda
              (7 damage)
             ... on level 4 of the Dungeon.
             The game lasted 00:03:29 (1865 turns).

dialectric the Changeling (Troll Shapeshifter)      Turns: 1865, Time: 00:03:30

HP:   -5/53 (61)    AC:  4    Str: 25    XL:     6   Next: 5%
MP:   5/5           EV:  9    Int:  6    God:
Gold: 103           SH:  0    Dex:  9    Spells: 5/5 levels left

rFire   . . .        g - +2 dagger (venom)
rCold   . . .        (no shield)
rNeg    . . .        a - +0 animal skin
rPois   .            (helmet currently unavailable)
rElec   .            (cloak currently unavailable)
rCorr   .            (gloves unavailable)
SInv    .            (boots unavailable)
Will    .....        (no amulet)
Stlth   +            (no ring)
HPRegen 1.08/turn    (no ring)
MPRegen 0.09/turn

%: no passive effects
@: beast-form, heavily drained
A: beast (slay +2), large, unfitting armour, claws 3, regeneration 1, shaggy fur
1, tough skin 1
a: Begin Untransformation


You were on level 4 of the Dungeon.
You were a hulking beast.
You visited 1 branch of the dungeon, and saw 4 of its levels.

You collected 103 gold pieces.

Inventory:

Hand Weapons
 g - a +2 dagger of venom (weapon)
 k - a +1 short sword of draining
 n - a +0 mace
Armour
 a - a +0 animal skin (worn)
 l - an orb of energy
Jewellery
 h - the ring of Tomorrow {rC+ rN+ Dex+6 Slay-4 Stlth+}
   (You found it on level 2 of the Dungeon)

   [ring of dexterity]

   Dex+6:     It affects your dexterity (+6).
   Slay-4:    It affects your accuracy & damage with ranged weapons and melee
   (-4).
   rC+:       It protects you from cold.
   rN+:       It protects you from negative energy.
   Stlth+:    It makes you more stealthy.
 o - a +6 ring of intelligence
Talismans
 c - a beast talisman (active)
 d - a flux talisman
Scrolls
 b - a scroll of enchant weapon {unknown}
 e - a scroll of teleportation
 i - a scroll of vulnerability {unknown}
 j - a scroll of noise {unknown}
 m - a scroll of blinking {unknown}
 q - a scroll of poison {unknown}
Potions
 f - a potion of curing {unknown}
 p - a potion of invisibility {unknown}
 r - a potion of heal wounds {unknown}


   Skills:
 + Level 3.2 Fighting
 + Level 1.6 Armour
 + Level 2.7 Dodging
 - Level 3.0 Unarmed Combat
 + Level 3.9 Shapeshifting


You had 5 spell levels left.
You didn't know any spells.
Your spell library contained the following spells:

 Spells                   Type           Power      Damage    Failure   Level
 Tukima's Dance           Hex            0%         N/A       83%         3
 Dimensional Bullseye     Hex/Tloc       0%         N/A       99%         4
 Iskenderun's Mystic Bla Conj/Tloc 0%             2d3        (+2d1     99%         4


Dungeon Overview and Level Annotations

Branches:
Dungeon (4/15)
 Temple: D:4-7

Altars:

Shops:
D:2 [


Innate Abilities, Weirdness & Mutations

You are a hulking beast.
Your limbs bulge with bestial killing power. (Slay +2)
You are too large for most types of armour.
You have claws for hands.
Your natural rate of healing is unusually fast.
You are covered in fur. (AC +1)
You have tough skin. (AC +1)


Message History

The gnoll attacks as it pursues you! The gnoll hits you with a +0 club.
The gnoll hits you with a +0 club. The gnoll attacks as it pursues you!
The gnoll barely misses you.
Your attacks no longer feel as feeble.
You hear the slow rusting of a distant drain.
The gnoll barely misses you. The gnoll attacks as it pursues you!
The gnoll hits you with a +0 club.
A hobgoblin comes into view.
The gnoll attacks as it pursues you! The gnoll hits you but does no damage.
The gnoll hits you with a +0 club. The gnoll hits you with a +0 flail.
The gnoll attacks as it pursues you! The gnoll barely misses you.
The hobgoblin hits you.
The gnoll is no longer moving quickly.
The gnoll attacks as it pursues you! The gnoll barely misses you.
The gnoll is no longer moving quickly.
The gnoll attacks as it pursues you! The gnoll hits you but does no damage.
The gnoll bouda barks out a call to the hunt!
The gnolls pick up the pace!
The gnoll hits you with a +0 flail! The gnoll attacks as it pursues you!
The gnoll hits you with a +0 flail! The gnoll attacks as it pursues you!
The gnoll hits you with a +0 club. The gnoll hits you with a +0 flail!
The gnoll attacks as it pursues you! The gnoll closely misses you.
The gnoll is no longer moving quickly.
The gnoll attacks as it pursues you! The gnoll barely misses you.
The gnoll attacks as it pursues you! The gnoll closely misses you.
The gnoll attacks as it pursues you! The gnoll hits you but does no damage.
The gnoll is no longer moving quickly.
The gnoll attacks as it pursues you! The gnoll hits you with a +0 flail.
The gnoll attacks as it pursues you! The gnoll hits you with a +0 flail!
* * * LOW HITPOINT WARNING * * *
Found a scroll labelled YNEUS ROAMARUVE.
The gnoll closely misses you. The gnoll attacks as it pursues you!
The gnoll closely misses you.
There is a stone staircase leading up here.
The gnoll hits you with a +0 club.
* * * LOW HITPOINT WARNING * * *
The gnoll hits you with a +0 flail!
You die...

..# .# .. .## ## .......
.. ?.# .# .......##..
..# # .#.# #........
###..#.#. ...#
##...#..###........
######....##...#........
...##..........g........
##...........r.gh.......
# #...........gg........
##...........g........
#......g........#.##..
##..#..........##..# .
#...##.........#. ...
#..###..........# .##
###r####.....)....# ##
......##..........#


You could see a gnoll bouda, 4 gnolls, a quokka and a hobgoblin.

Vanquished Creatures
  A bombardier beetle (D:3)
  An orc priest (D:3)
  Terence (D:2)
  3 orc wizards
  6 adders
  2 dart slugs
  11 orcs
  7 ball pythons
  5 bats
  5 endoplasms
  3 giant cockroaches
  6 hobgoblins
  4 jackals (D:1)
  4 kobolds
  A quokka (D:3)
  6 frilled lizards
  A goblin (D:2)
  6 rats
73 creatures vanquished.

Notes
Turn   | Place    | Note
-------+----------+-------------------------------------------
     0 | D:1      | dialectric the Troll Shapeshifter began the quest for the
                  | Orb.
     0 | D:1      | Reached XP level 1. HP: 18/18 MP: 0/0
    45 | D:1      | Reached skill level 1 in Fighting
    95 | D:1      | Reached XP level 2. HP: 26/27 MP: 1/1
   106 | D:1      | Found a faded altar of an unknown god.
   787 | D:2      | Reached XP level 3. HP: 32/35 MP: 2/2
   794 | D:2      | Identified the ring of Tomorrow {rC+ rN+ Dex+6 Slay-4
                  | Stlth+}
   823 | D:2      | Found Bereg's Antique Armour Boutique.
   912 | D:2      | Noticed Terence
   932 | D:2      | Killed Terence
   933 | D:2      | Reached XP level 4. HP: 42/42 MP: 3/3
  1328 | D:3      | Reached skill level 1 in Armour
  1402 | D:3      | Reached XP level 5. HP: 49/50 MP: 4/4
  1425 | D:3      | Identified the +2 helmet of the Ward {+Blink rElec rN+++
                  | Dex-3}
  1777 | D:4      | Reached XP level 6. HP: 39/53 MP: 5/5
  1865 | D:4      | HP: 2/53 [gnoll/+0 club[a gnoll bouda] (6)]
  1865 | D:4      | Slain by a gnoll

Illustrated notes

Levels and vault maps discovered:
D:1:      dpeg_arrival_renting, layout_loops_ring,
          hellmonk_ecumenical_altar_dog_temple, serial_glass, glass_columns_b,
          glass_columns_a, st_stairs_4
D:2:      layout_basic, serial_shops, shop, minmay_door_square, uniq_terence
D:3:      layout_rooms
D:4:      layout_cave_pools, portal_sewer_entry_d

Skill      XL: |  1  2  3  4  5 |
---------------+----------------+-----
Fighting       | 1 2 3 |  3.2
Dodging        | 2 |  2.7
Armour         | 1 |  1.6
Unarmed Combat | |  3.0
Shapeshifting  | |  3.9

Action                     |  1- 3 |  4- 6 || total
---------------------------+-------+-------++-------
  Melee: Unarmed           |    42 |       ||    42
         Punch             |     1 |       ||     1
         Dagger            |    41 |   153 ||   194
    Use: Potion            |     1 |     1 ||     2
         Scroll            |       |     1 ||     1
   Stab: Sleeping          |     1 |       ||     1
 Armour: Animal skin       |    44 |   110 ||   154
         Skin              |     9 |    72 ||    81
  Dodge: Dodged            |    31 |    83 ||   114

Table legend: (Time is in decaauts)
 A = Elapsed time spent in this place.
 B = Non-inter-level travel time spent in this place.
 C = Inter-level travel time spent in this place.
 D = Time resting spent in this place.
 E = Time spent auto-exploring this place.
 F = Levels seen in this place.
 G = Mean time per level.
                   A        B        C        D        E       F      G
               +--------+--------+--------+--------+--------+-----+--------+
         Total |   1863 |   1854 |      9 |     18 |   1265 |   4 |  465.8 |
       Dungeon |   1863 |   1854 |      9 |     18 |   1265 |   4 |  465.8 |
               +--------+--------+--------+--------+--------+-----+--------+

Top non-repeatable levels by time:
     D:1: 678 daAuts
     D:2: 635 daAuts
     D:3: 435 daAuts
     D:4: 113 daAuts
